 Dungeon Crawl Stone Soup version 0.31.0-9-g3a7656b989 (webtiles) character file.

Game seed: 9109215383045906852

167 qw the Shooter (level 5, -3/27 HPs)
             Began as a Spriggan Hunter on Feb 2, 2024.
             Slain by an orc
             ... wielding a +0 trident
              (6 damage)
             ... on level 4 of the Dungeon.
             The game lasted 00:00:07 (1819 turns).

qw the Shooter (Spriggan Hunter)                    Turns: 1819, Time: 00:00:07

Health: -3/27      AC:  2    Str:  7      XL:     5   Next: 23%
Magic:  6/6        EV: 20    Int: 10      God:
Gold:   150        SH:  0    Dex: 19 (21) Spells: 4/4 levels left

rFire   . . .        a - +0 shortbow
rCold   . . .        (shield currently unavailable)
rNeg    . . .        c - +0 robe
rPois   .            (helmet restricted)
rElec   .            (no cloak)
rCorr   .            (gloves unavailable)
SInv    +            (boots unavailable)
Will    +....        (no amulet)
Stlth   ++           f - ring of willpower
HPRegen 0.24/turn    (no ring)
MPRegen 0.10/turn

%: no passive effects
@: about to teleport, very quick
A: very small, no large weapons, unfitting armour, see invisible, speed 3
a: no special abilities


You were on level 4 of the Dungeon.
You visited 1 branch of the dungeon, and saw 4 of its levels.

You collected 150 gold pieces.


Innate Abilities, Weirdness & Mutations

You are very small and have problems with some larger weapons.
You are too small for most types of armour.
You have supernaturally acute eyesight. (SInv)
You cover ground extremely quickly. (Speed+++)


   Skills:
 - Level 2.3 Fighting
 + Level 5.2 Ranged Weapons
 - Level 5.0 Dodging
 - Level 1.5 Stealth


You had 4 spell levels left.
You didn't know any spells.
Your spell library was empty.

Inventory:

Hand Weapons
 a - a +0 shortbow (weapon)
Armour
 c - a +0 robe (worn)
Jewellery
 f - a ring of willpower (left hand)
Scrolls
 g - a scroll of enchant armour {unknown}
 h - 2 scrolls of revelation {unknown}
 j - 2 scrolls of identify
Potions
 b - a potion of curing {unknown}
 d - a potion of heal wounds {unknown}
 i - 2 potions of resistance {unknown}

Dungeon Overview and Level Annotations

Branches:
Dungeon (3/15)

Altars:
Wu Jian

Shops:
D:1 :


Message History

An orc comes into view. It is wielding a +0 trident.
The quasit bites you but does no damage.
The quasit misses you. x2; The orc completely misses you.
The goblin closely misses you.
You shoot an arrow. The arrow misses the quasit.
The quasit bites you.
The quasit claws you but does no damage.
The quasit misses you. The goblin hits you but does no damage.
The orc completely misses you.
You shoot an arrow. The jelly quivers.
The arrow hits the quasit.
The quasit is severely wounded.
The quasit completely misses you. The quasit closely misses you. x2
The goblin misses you. The orc barely misses you. The quasit bites you.
The quasit barely misses you. The quasit closely misses you.
You shoot an arrow. The arrow misses the quasit.
The quasit bites you. The quasit completely misses you.
The quasit closely misses you.
The orc hits you from afar with a +0 trident.
The goblin hits you with a +0 dagger.
1817 ||| READING scroll of teleportation.
As you read the scroll of teleportation, it crumbles to dust.
You feel strangely unstable. The quasit closely misses you.
The quasit barely misses you. The quasit misses you.
The goblin completely misses you. The orc completely misses you.
The quasit barely misses you. The quasit misses you. The quasit claws you.
You feel clumsy.
You shoot an arrow. The arrow hits the quasit.
The quasit is severely wounded.
The goblin misses you. The orc closely misses you.
The quasit barely misses you. The quasit claws you.
The quasit claws you but does no damage.
You shoot an arrow. The arrow hits the quasit.
The quasit is almost dead.
The quasit bites you. The quasit closely misses you. The quasit misses you.
The goblin barely misses you.
The orc hits you from afar with a +0 trident.
You die...

########## ## #......%.#
... #.######.# ##....
#.# #.# #......
#####.######)####5J.....
...##.##......%.@g5.#
##.##.##.#.....###o##
.........##.[.## #
.........###.##
7..##........#
PP.#####.###.# ...###
#.###+## .....#
#.##...## ..%#.#
#.#.....##


You could see a jelly, a quasit, a shadow imp, an orc and a goblin.

Vanquished Creatures
  A quasit (D:4)
  An iguana (D:2)
  3 adders
  A shadow imp (D:4)
  A dart slug (D:2)
  2 ribbon worms
  An orc (D:3)
  5 ball pythons (D:1)
  6 endoplasms
  2 giant cockroaches
  4 goblins (D:1)
  3 hobgoblins
  4 jackals
  3 quokkas
  9 bats
  2 frilled lizards
  11 kobolds
  6 rats
65 creatures vanquished.

Notes
Turn   | Place    | Note
-------+----------+-------------------------------------------
     0 | D:1      | qw the Spriggan Hunter began the quest for the Orb.
     0 | D:1      | Reached XP level 1. HP: 10/10 MP: 2/2
     0 | D:1      | 0 ||| qw: Version: 0.3-a-155-g5e7d8dd
     0 | D:1      | 0 ||| qw: Game counter: 1434
     0 | D:1      | 0 ||| qw: Melee chars always use a shield: true
     0 | D:1      | 0 ||| qw: God list: Okawaru
     0 | D:1      | 0 ||| qw: Allow faded altars: false
     0 | D:1      | 0 ||| qw: Do Orc after clearing Dungeon:15 true
     0 | D:1      | 0 ||| qw: Do second Lair branch before Depths: true
     0 | D:1      | 0 ||| qw: Lair rune preference: random
     0 | D:1      | 0 ||| qw: Goals: Normal
     0 | D:1      | 0 ||| PLANNING D:1-11
    93 | D:1      | Reached skill level 3 in Dodging
   140 | D:1      | Found Tatuk's Book Emporium.
   140 | D:1      | Noticed a walking crystal tome
   142 | D:1      | Noticed a walking crystal tome
   233 | D:1      | Reached XP level 2. HP: 14/14 MP: 3/3
   601 | D:1      | Reached XP level 3. HP: 18/18 MP: 4/4
   859 | D:1      | 859 ||| UPGRADING to ring of willpower.
   860 | D:1      | 860 ||| READING scroll labelled DYNULIUFOI.
   865 | D:1      | 865 ||| READING scroll labelled UMNEPTU ABYSA.
   865 | D:1      | 865 ||| IDENTIFYING fizzy inky potion
   866 | D:1      | 866 ||| DRINKING 2 fizzy emerald potions.
   896 | D:1      | 896 ||| DROPPING scroll of butterflies.
   897 | D:1      | 897 ||| DROPPING potion of lignification.
   898 | D:1      | 898 ||| DROPPING potion of brilliance.
  1062 | D:2      | Reached XP level 4. HP: 17/22 MP: 5/5
  1067 | D:2      | 1067 ||| FLEEEEING.
  1462 | D:2      | 1462 ||| READING scroll labelled VUCIJABR IMOZAA.
  1463 | D:2      | 1463 ||| READING scroll labelled HATUAR XYI.
  1464 | D:2      | 1464 ||| READING scroll labelled FEAXUS QAROC.
  1607 | D:3      | Found an ornate altar of the Wu Jian Council.
  1705 | D:3      | You fall into a shaft and drop 1 floor!
  1734 | D:4      | Reached XP level 5. HP: 21/27 MP: 6/6
  1816 | D:4      | HP: 6/27 [goblin/+0 dagger (3)]
  1817 | D:4      | 1817 ||| READING scroll of teleportation.
  1819 | D:4      | Slain by an orc

Levels and vault maps discovered:
D:1:      sevenhm_arrival_forest_fort_large_2, layout_loops_corners,
          serial_shops, nicolae_shop_mannequins
D:2:      layout_basic, minmay_crystal_water
D:3:      layout_loops_ring, nicolae_overflow_ecumenical_swirl,
          old_standard_altar, nicolae_concentric_dashed_squares_mild, uniq_ijyb
D:4:      layout_loops_corners, gammafunk_temple_overflow_claw, serial_shops,
          nicolae_shop_advertising_works [nicolae_subvault_shop_adworks],
          serial_demonic, serial_demonic_g, serial_demonic_a, serial_demonic_f,
          serial_demonic_e, serial_demonic_d, serial_demonic_e, uniq_sigmund,
          uniq_natasha, uniq_duvessa

Skill      XL: |  1  2  3  4 |
---------------+-------------+-----
Dodging        | 3 4 5 |  5.0
Ranged Weapons | 5 |  5.2
Fighting       | 2 |  2.3
Stealth        | |  1.5

Action                     |  1- 3 |  4- 6 || total
---------------------------+-------+-------++-------
   Fire: Shortbow          |    76 |   120 ||   196
    Use: Scroll            |     2 |     4 ||     6
         Potion            |     1 |       ||     1
 Armour: Robe              |     4 |    36 ||    40
  Dodge: Dodged            |     7 |   120 ||   127

Table legend:
 A = Non-vault XP
 B = Vault XP
 C = Vault XP percentage of total XP
 D = Non-vault monster count
 E = Vault monster count
 F = Vault count percentage of total count
                 A         B        C        D         E       F
            +---------+---------+-------+---------+---------+-------
      Total |     183 |      56 |  23.4 |      63 |       2 |   3.1
            +---------+---------+-------+---------+---------+-------
        D:1 |      46 |       0 |   0.0 |      28 |       0 |   0.0
        D:2 |      73 |       0 |   0.0 |      21 |       0 |   0.0
        D:3 |      41 |       0 |   0.0 |       9 |       0 |   0.0
        D:4 |      23 |      56 |  70.9 |       5 |       2 |  28.6
            +---------+---------+-------+---------+---------+-------
